 Dungeon Crawl Stone Soup version 0.26-a0-689-gc93c913f66 (webtiles) character file.

Game seed: 7227616558426732520

213 Kinoniko the Cudgeler (level 6, -3/40 HPs)
             Began as a Kobold Berserker on Oct 23, 2020.
             Was a Follower of Trog.
             Slain by Grinder (5 damage)
             ... on level 3 of the Dungeon.
             The game lasted 00:02:47 (2632 turns).

Kinoniko the Cudgeler (Kobold Berserker)            Turns: 2632, Time: 00:02:48

Health: -3/40      AC:  8    Str: 15    XL:     6   Next: 14%
Magic:  6/6        EV:  9    Int:  9    God:    Trog [*.....]
Gold:   147        SH:  0    Dex: 15    Spells: 5/5 levels left

rFire    . . .     SeeInvis .   a - +0 mace
rCold    . . .     Faith    .   (shield restricted)
rNeg     . . .     Spirit   .   i - +0 chain mail
rPois    .         Reflect  .   (no helmet)
rElec    .         Harm     .   (no cloak)
rCorr    .         Rampage  .   (no gloves)
MR       ++...                  (no boots)
Stlth    ..........             (no amulet)
HPRegen  1.13/turn              (no ring)
MPRegen  0.10/turn              (no ring)

@: berserk cooldown, regenerating, slowed, very slow
A: small, nightstalker 3
a: Berserk, Renounce Religion


You were on level 3 of the Dungeon.
You worshipped Trog.
Trog was aware of your devotion.
You visited 1 branch of the dungeon, and saw 4 of its levels.

You collected 147 gold pieces.

Inventory:

Hand Weapons
 a - a +0 mace (weapon)
Armour
 b - a +0 animal skin
 i - a +0 chain mail (worn)
Scrolls
 g - a scroll of teleportation {unknown}
 j - a scroll of noise {unknown}
 k - a scroll of enchant armour {unknown}
Potions
 c - a potion of degeneration {unknown}
 d - a potion of lignification
 f - a potion of curing
 h - 2 potions of might


   Skills:
 + Level 4.8 Fighting
 * Level 5.0 Maces & Flails
 - Level 1.5 Armour
 - Level 2.4 Dodging


You had 5 spell levels left.
You didn't know any spells.
Your spell library was empty.

Dungeon Overview and Level Annotations

Branches:
Dungeon (4/15)
 Temple: D:4-7

Altars:
Wu Jian

Annotations:
D:3 Grinder


Innate Abilities, Weirdness & Mutations

You are small and have problems with some larger weapons.
You are completely attuned to the shadows.


Message History

You feel resistant to hostile enchantments.
You can no longer call upon Trog for regeneration and magic resistance.
Grinder hits you.
You writhe in agony.
Grinder closely misses you.
You barely miss Grinder.
Grinder is heavily wounded.
Grinder closely misses you.
Your chain mail prevents you from hitting Grinder.
Grinder is heavily wounded.
Grinder hits you!
You writhe in agony.
* * * LOW HITPOINT WARNING * * *
Grinder hits you.
* * * LOW HITPOINT WARNING * * *
You writhe in agony.
* * * LOW HITPOINT WARNING * * *
You hit Grinder but do no damage.
Grinder is heavily wounded.
Grinder hits you.
* * * LOW HITPOINT WARNING * * *
You writhe in agony.
You die...

#.#.#.#.#.#
.........#
.#.#.#.#.#
........##
#.#.#.#.#.#
.
........##
#.#.#.#.#.#
.........##
.#.#@#.#.#
....5...##
#.#.#.#.#
.?.....##
......##
#######


You could see Grinder.

Vanquished Creatures
  Eustachio (D:4)
  3 adders (D:2)
  A worm (D:2)
  3 dart slugs
  A leopard gecko (D:2)
  A giant cockroach (D:1)
  3 goblins (D:2)
  7 hobgoblins
  2 jackals (D:2)
  8 bats
  3 frilled lizards
  3 kobolds (D:2)
  4 rats
40 creatures vanquished.

Notes
Turn   | Place    | Note
-------+----------+-------------------------------------------
     0 | D:1      | Kinoniko the Kobold Berserker began the quest for the Orb.
     0 | D:1      | Reached XP level 1. HP: 14/14 MP: 1/1
   116 | D:1      | Reached skill level 3 in Maces & Flails
   116 | D:1      | Reached XP level 2. HP: 9/19 MP: 2/2
  1138 | D:2      | Reached XP level 3. HP: 24/24 MP: 3/3
  1495 | D:2      | Reached ** piety under Trog
  1495 | D:2      | Reached XP level 4. HP: 25/29 MP: 4/4
  1962 | D:2      | Found an ornate altar of the Wu Jian Council.
  1973 | D:2      | Reached skill level 4 in Maces & Flails
  2286 | D:2      | You fall into a shaft and drop 2 floors!
  2313 | D:4      | Noticed Eustachio
  2333 | D:4      | Killed Eustachio
  2333 | D:4      | Reached skill level 5 in Maces & Flails
  2333 | D:4      | Reached XP level 5. HP: 15/34 MP: 5/5
  2333 | D:4      | Reached XP level 6. HP: 17/40 MP: 6/6
  2591 | D:3      | Noticed Grinder
  2612 | D:3      | Paralysed by Grinder for 5 turns
  2622 | D:3      | Paralysed by Grinder for 7 turns
  2631 | D:3      | HP: 1/40 [Grinder (2)]
  2632 | D:3      | Slain by Grinder

Illustrated notes

Levels and vault maps discovered:
D:1:      dpeg_arrival_tiny_a, layout_loops_ring, chequers_serial_rivers_micro_d
D:2:      layout_loops_ring, lemuel_doored_altar
D:3:      layout_basic, cheibrodos_sewer_entry_drain, hex_large,
          kennysheep_generic_room_9, uniq_ijyb, uniq_robin, uniq_grinder
D:4:      layout_cave_pods, lemuel_round_altar, hangedman_ru_absence,
          serial_shops, kennysheep_mini, nemelex_dance_club_becter,
          uniq_eustachio

Skill      XL: |  1  2  3  4 |
---------------+-------------+-----
Maces & Flails | 3 5 |  5.0
Fighting       | 4 |  4.8
Armour         | |  1.5
Dodging        | |  2.4

Action                   |  1- 3 |  4- 6 || total
-------------------------+-------+-------++-------
Melee: Mace              |    87 |    72 ||   159
Invok: Berserk           |     3 |     3 ||     6
       Trog's Hand       |       |     3 ||     3
  Use: Scroll            |       |     4 ||     4
 Stab: Sleeping          |     5 |       ||     5
Armor: Animal skin       |    13 |       ||    13
       Chain mail        |    19 |    55 ||    74
Dodge: Dodged            |    80 |    66 ||   146

Table legend: (Time is in decaauts)
 A = Elapsed time spent in this place.
 B = Non-inter-level travel time spent in this place.
 C = Inter-level travel time spent in this place.
 D = Time resting spent in this place.
 E = Time spent auto-exploring this place.
 F = Levels seen in this place.
 G = Mean time per level.
                   A        B        C        D        E       F      G
               +--------+--------+--------+--------+--------+-----+--------+
         Total |   2716 |   2702 |     14 |   1351 |    992 |   4 |  679.0 |
       Dungeon |   2716 |   2702 |     14 |   1351 |    992 |   4 |  679.0 |
               +--------+--------+--------+--------+--------+-----+--------+

Top non-repeatable levels by time:
     D:2: 1395 daAuts
     D:1: 959 daAuts
     D:4: 254 daAuts
     D:3: 107 daAuts
